AoeStats
← ITA | MarknighT

Runestones

507293701Analyzed
1v1 RM · 16d ago on Sep 17, 2026· 34m 27s· 2 players
Game mode
Random Map
Map size
Tiny (2 player)
Population
200
Speed
Normal
Resources
Standard
Victory
Conquest
Starting age
Dark Age
Ending age
Imperial Age
RankedLock teamsTeams togetherTeam positionsShared explorationLock speedFull tech treeHidden civsTurbo modeCheats
Victory
Defeat
🇮🇹 Hindustanis · Italy
1942
+20
🇹🇷 Mongols · Türkiye
2021
-20
Kukuro
6:45 Loom
8:44 Feudal Age
9:29 Double-Bit Axe
19:03 Castle Age
17:09 Fletching
18:10 Bloodlines
18:06 Padded Archer Armor
18:33 Gold Mining
18:35 Horse Collar
19:46 Bodkin Arrow
22:28 Husbandry
28:27 Ballistics
33:26 Bow Saw
33:13 Town Watch
ITA | MarknighT
5:56 Loom
8:50 Feudal Age
9:28 Double-Bit Axe
9:58 Horse Collar
12:55 Loom
18:50 Castle Age
16:57 Gold Mining
18:00 Bloodlines
19:00 Scale Barding Armor
19:24 Light Cavalry
20:17 Bow Saw
21:47 Wheelbarrow
25:41 Chain Barding Armor
25:30 Elite Skirmisher
27:30 Fletching
28:51 Bodkin Arrow
28:57 Padded Archer Armor
30:14 Husbandry
31:23 Hand Cart
30:53 Town Watch
31:08 Stone Mining
35:16 Imperial Age
33:59 Ballistics
34:10 Leather Archer Armor
Connection lost

Rejoining the realm…

Still unreachable

The connection could not be restored.

Session expired

The server has moved on; the page needs a fresh start.